 Dungeon Crawl Stone Soup version 0.25-a0-785-gb22c70e859 (webtiles) character file.

Game seed: 8179097799658112783, levelgen mode: deterministic

43 Conn the Magician (level 3, -9/19 HPs)
             Began as a Deep Elf Wizard on Apr 17, 2020.
             Mangled by Crazy Yiuf
             ... wielding a +3 quarterstaff of chaos
              (19 damage)
             ... on level 2 of the Dungeon.
             The game lasted 00:04:16 (1359 turns).

Conn the Magician (Deep Elf Wizard)                 Turns: 1359, Time: 00:04:16

Health: -9/19      AC:  4    Str:  4    XL:     3   Next: 37%
Magic:  1/12       EV: 13    Int: 23    God:
Gold:   51         SH:  0    Dex: 13    Spells: 2/13 levels left

rFire    . . .     SeeInvis .   m - +1 dagger (elec)
rCold    . . .     Gourm    .   (no shield)
rNeg     . . .     Faith    .   a - +0 robe
rPois    .         Spirit   .   h - +0 helmet
rElec    .         Reflect  .   k - +0 cloak
rCorr    .         Harm     .   (no gloves)
MR       .....                  (no boots)
Stlth    ++........             (no amulet)
HPRegen  0.06/turn              (no ring)
MPRegen  0.13/turn              (no ring)

@: flying, very slightly contaminated
A: no striking features
a: no special abilities


You were on level 2 of the Dungeon.
You were not hungry.

You visited 1 branch of the dungeon, and saw 2 of its levels.

You collected 51 gold pieces.

Inventory:

Hand Weapons
 e - a +0 dagger
 f - a +0 short sword
 m - a +1 dagger of electrocution (weapon)
Missiles
 g - 12 poisoned darts (quivered)
 l - 4 javelins
Armour
 a - a +0 robe (worn)
 b - a +0 hat
 h - a +0 helmet (worn)
 k - a +0 cloak (worn)
Jewellery
 c - an uncursed ring of resist corrosion {unknown}
Scrolls
 i - a scroll of random uselessness {unknown}
 j - 3 scrolls of magic mapping {unknown}
 n - a scroll of teleportation {unknown}
 q - a scroll of immolation {unknown}
Potions
 o - a potion of stabbing {unknown}
 p - a potion of flight
Comestibles
 d - 5 rations


   Skills:
 + Level 2.7 Dodging
 + Level 2.8 Stealth
 + Level 5.6 Spellcasting
 + Level 1.6 Conjurations
 + Level 1.1 Summonings
 + Level 1.1 Translocations


You had 2 spell levels left.
You knew the following spells:

 Your Spells              Type           Power        Failure   Level  Hunger
a - Magic Dart            Conj           ##..         4%          1    None
b - Blink                 Tloc           N/A          9%          2    None
c - Call Imp              Summ           ##......     9%          2    None
d - Conjure Flame         Conj/Fire      ##......     19%         3    #......
e - Mephitic Cloud        Conj/Pois/Air  #.......     22%         3    #......

Your spell library contained the following spells:

 Spells                   Type           Power        Failure   Level  Hunger
 Slow                     Hex            #.......     14%         2    None


Dungeon Overview and Level Annotations

Branches:
Dungeon (2/15)

Altars:

Annotations:
D:2 Crazy Yiuf


Message History

You miscast Blink.
You are very lightly contaminated with residual magic.
Nothing appears to happen.
Your crimson imp barely misses Crazy Yiuf.
Crazy Yiuf hits you but does no damage.
Casting: Blink (safe; 9% risk of failure)
Confirm with . or Enter, or press ? or * to list all spells.
You blink.
Your crimson imp hits Crazy Yiuf.
Crazy Yiuf hits you with a +3 quarterstaff of chaos!
Ouch! That really hurt!
Crazy Yiuf draws strength from your wounds!
Unknown command.
Unknown command.
Your crimson imp blinks!
It was a potion of flight.
You feel very buoyant.
You fly up into the air.
Crazy Yiuf hits you with a +3 quarterstaff of chaos!!
Ouch! That really hurt!
You die...

.#............#
.##...........# .#
......(....# .# ........#
.###+####.....##♣♣♣♣♣
...#>.........'...♣.♣♣♣ ###
......##.....5..§..♣..♣#...#
......##........g.♣♣♣♣5'...#
......##......+.@♣♣ ♣♣#5.)#
......##......##♣♣ ###
.......#......#
#......#......#
.......#......#
.......#.###### ######.#.#
.......#.# .......#.#


You could see Crazy Yiuf and a friendly crimson imp (invisible).

Vanquished Creatures
  A dart slug (D:2)
  2 leopard geckos (D:2)
  9 bats
  A giant cockroach (D:1)
  6 hobgoblins (D:1)
  3 kobolds
  4 frilled lizards
  6 goblins
  5 rats
37 creatures vanquished.

Notes
Turn   | Place    | Note
-------+----------+-------------------------------------------
     0 | D:1      | Conn the Deep Elf Wizard began the quest for the Orb.
     0 | D:1      | Reached XP level 1. HP: 10/10 MP: 7/7
   150 | D:1      | Reached skill level 5 in Spellcasting
   150 | D:1      | Reached XP level 2. HP: 12/15 MP: 2/10
   778 | D:2      | Reached XP level 3. HP: 19/19 MP: 8/12
   842 | D:2      | Learned a level 2 spell: Blink
   845 | D:2      | Learned a level 2 spell: Call Imp
   849 | D:2      | Learned a level 3 spell: Conjure Flame
   853 | D:2      | Learned a level 3 spell: Mephitic Cloud
  1335 | D:2      | Found a runed translucent door.
  1336 | D:2      | Noticed Crazy Yiuf
  1359 | D:2      | Mangled by Crazy Yiuf

Levels and vault maps discovered:
D:1:      psy_arrival_terrarium, layout_basic
D:2:      layout_basic, uniq_crazy_yiuf_cottage

Skill      XL: |  1 |
---------------+----+-----
Spellcasting   | 5 |  5.6
Dodging        | |  2.7
Stealth        | |  2.8
Conjurations   | |  1.6
Summonings     | |  1.1
Translocations | |  1.1

Action                   || total
-------------------------++-------
Melee: Unarmed           ||     4
       Short sword       ||     5
       Dagger            ||    13
 Cast: Magic Dart        ||    67
       Blink             ||     2
       Call Imp          ||     2
       Mephitic Cloud    ||     1
  Use: Potion            ||     1
 Stab: Sleeping          ||     1
  Eat: Chunk             ||     1
Armor: Robe              ||     7
Dodge: Dodged            ||    40

Table legend:
 A = Non-vault XP
 B = Vault XP
 C = Vault XP percentage of total XP
 D = Non-vault monster count
 E = Vault monster count
 F = Vault count percentage of total count
                 A         B        C        D         E       F
            +---------+---------+-------+---------+---------+-------
      Total |      62 |       0 |   0.0 |      37 |       0 |   0.0
            +---------+---------+-------+---------+---------+-------
        D:1 |      30 |       0 |   0.0 |      18 |       0 |   0.0
        D:2 |      32 |       0 |   0.0 |      19 |       0 |   0.0
            +---------+---------+-------+---------+---------+-------
